Warning! The script has encountered some errors when parsing the replay. Please report them to the . » details
0x00, prev: 0x16: 16 02 01 00 9C 04 00 00 E3 13 15 00 [00] 00 00 00 00 00 00 00 00 00 00 00 00 00 00 00 00 00 00 00 00 00 00 00 00 00
0x00, prev: 0x00: 16 02 01 00 9C 04 00 00 E3 13 15 00 00 00 00 00 00 00 00 00 00 00 00 00 00 00 00 00 00 00 00 00 00 00 00 00 [00] 00
0x00, prev: 0x01: 16 02 01 00 12 6E 00 00 D0 0A 01 00 00 00 00 00 00 00 00 00 00 00 00 00 00 00 00 00 00 00 00 00 00 00 00 00 01 [00]
0x00, prev: 0x02: 16 02 01 00 73 7B 00 00 B2 CE 02 00 00 00 00 00 00 00 00 00 00 00 00 00 00 00 00 00 00 00 00 00 00 00 00 00 02 [00] 06 01 00 67
0x08, prev: 0x00: 16 02 01 00 CF 6F 00 00 A1 01 01 00 00 00 00 00 00 00 00 00 00 00 00 00 00 00 00 00 00 00 00 00 00 00 00 00 [08] 00
0x00, prev: 0x04: 16 02 03 00 A7 07 00 00 28 48 13 00 57 12 00 00 51 08 14 00 DC 79 00 00 B9 F3 13 00 00 00 00 00 00 00 00 00 00 00 00 00 00 00 00 00 00 00 00 00 00 00 00 00 04 [00]
General information
- name: BNet
- type: Ladder team game (AT/RT)
- host: Battle.net
- saver: BIRDNOOBBAILOUT
map: Monsoon
- players: 6
- length: 50:09
- speed: Fast
- version: 1.23 W3XP
- replay type: Public
» download(237 KB)
Players
team 1 (loser)

»
aRdoR (
teal | 189 APM | 2198 actions | 11:37)
3 Priestess of the Moon
2 Searing Arrows
1 Trueshot Aura
1 Keeper of the Grove
1 Entangling Roots
» actions
| Assign group hotkey | 15 | |
| Basic commands | 288 | |
| Build / train | 81 | |
| ESC pressed | 7 | |
| Enter build submenu | 34 | |
| Enter hero's abilities submenu | 8 | |
| Remove unit from queue | 3 | |
| Right click | 1192 | |
| Select / deselect | 476 | |
| Select group hotkey | 26 | |
| Use ability | 67 | |
2198 total
» units
| Wisp | 30 | |
| Archer | 9 | |
| Huntress | 7 | |
| Mountain Giant | 2 | |
| Dryad | 4 | |
52 total
» upgrades
| Improved Bows | 1 | |
| Upgrade Moon Glaive | 1 | |
| Marksmanship | 1 | |
| Resistant Skin | 1 | |
| Hardened Skin | 1 | |
| Druid of the Claw Training | 1 | |
| Mark of the Claw | 1 | |
| Abolish Magic | 1 | |
8 total
» buildings
| Moon Well | 8 | |
| Altar of Elders | 1 | |
| Ancient of War | 2 | |
| Hunter's Hall | 1 | |
| Ancient Protector | 11 | |
| Tree of Ages | 1 | |
| Ancient of Wonders | 1 | |
| Tree of Eternity | 1 | |
| Tree of Life | 4 | |
| Ancient of Lore | 2 | |
32 total
» build order
00:19 Moon Well
00:36 Altar of Elders
00:54 Ancient of War
02:00 Hunter's Hall
02:11 Moon Well
03:03 Ancient Protector
03:05 Ancient Protector
05:02 Tree of Ages
05:12 Ancient Protector
05:20 Moon Well
05:25 Moon Well
05:40 Ancient of War
06:29 Ancient Protector
08:39 Ancient Protector
08:49 Tree of Life
» items
| Dust of Appearance | 2 | |
| Potion of Healing | 1 | |
| Scroll of Town Portal | 1 | |
| Anti-magic Potion | 1 | |
5 total

»
Oracal (
yellow | 175 APM | 1673 actions | 09:32)
2 Shadow Hunter
1 Hex
1 Healing Wave
1 Tauren Chieftain
1 Endurance Aura
» actions
| Assign group hotkey | 54 | |
| Basic commands | 91 | |
| Build / train | 128 | |
| ESC pressed | 2 | |
| Enter build submenu | 33 | |
| Enter hero's abilities submenu | 12 | |
| Give item / drop item | 1 | |
| Remove unit from queue | 6 | |
| Right click | 427 | |
| Select / deselect | 386 | |
| Select group hotkey | 429 | |
| Use ability | 104 | |
1673 total
» units
| Peon | 18 | |
| Grunt | -2 | |
| Troll Headhunter/Berserker | 10 | |
| Wind Rider | 27 | |
| Demolisher | 25 | |
| Ogre Magi | 1 | |
| Troll Witch Doctor | 4 | |
83 total
» upgrades
| Ranged Weapons | 3 | |
| Armor | 3 | |
| Spiked Barricades | 3 | |
| Troll Regeneration | 1 | |
| Witch Doctor Training | 2 | |
| Burning Oil | 1 | |
| Berserker Upgrade | 1 | |
| Pillage | 1 | |
| Envenomed Spears | 1 | |
| Reinforced Defenses | 1 | |
17 total
» buildings
| Orc Burrow | 10 | |
| Altar of Storms | 1 | |
| Barracks | 1 | |
| War Mill | 3 | |
| Watch Tower | 15 | |
| Stronghold | 1 | |
| Voodoo Lounge | 1 | |
| Fortress | 1 | |
| Beastiary | 1 | |
| Great Hall | 3 | |
| Spirit Lodge | 1 | |
38 total
» build order
00:10 Orc Burrow
00:22 Altar of Storms
00:43 Barracks
01:42 War Mill
02:05 Orc Burrow
03:10 Watch Tower
04:27 Watch Tower
04:31 Stronghold
05:17 Voodoo Lounge
05:32 Watch Tower
06:29 Watch Tower
07:24 Orc Burrow
07:49 Fortress
07:53 Orc Burrow
08:02 Beastiary
08:49 Great Hall
» items
| Healing Salve | 3 | |
| Orb of Lightning | 2 | |
| Scroll of Town Portal | 1 | |
6 total

»
VIOLENTRULER (
red | 75 APM | 1267 actions | 16:53)
1 Far Seer
1 Chain Lighting
1 Firelord
1 Incinerate
» actions
| Assign group hotkey | 34 | |
| Basic commands | 83 | |
| Build / train | 89 | |
| ESC pressed | 10 | |
| Enter build submenu | 36 | |
| Enter hero's abilities submenu | 7 | |
| Give item / drop item | 1 | |
| Right click | 300 | |
| Select / deselect | 528 | |
| Select group hotkey | 82 | |
| Use ability | 97 | |
1267 total
» units
| Peon | 25 | |
| Grunt | 20 | |
| Mud Golem | 1 | |
| Gnoll Warden | 1 | |
| Gnoll Brute | 1 | |
| Demolisher | 5 | |
| Troll Headhunter/Berserker | 1 | |
54 total
» upgrades
| Spiked Barricades | 1 | |
| Melee Weapons | 3 | |
| Armor | 3 | |
| Berserker Strength | 1 | |
| Burning Oil | 1 | |
| Pillage | 1 | |
| Reinforced Defenses | 1 | |
11 total
» buildings
| Orc Burrow | 8 | |
| War Mill | 1 | |
| Watch Tower | 15 | |
| Altar of Storms | 1 | |
| Barracks | 2 | |
| Voodoo Lounge | 1 | |
| Stronghold | 1 | |
| Fortress | 1 | |
| Great Hall | 4 | |
34 total
» build order
00:21 Orc Burrow
01:08 Orc Burrow
01:28 War Mill
02:45 Watch Tower
02:47 Watch Tower
02:51 Watch Tower
02:53 Watch Tower
02:56 Watch Tower
04:01 Watch Tower
04:03 Watch Tower
04:04 Watch Tower
04:06 Watch Tower
05:18 Orc Burrow
05:22 Orc Burrow
05:51 Watch Tower
06:48 Altar of Storms
06:58 Barracks
08:09 Barracks
08:14 Voodoo Lounge
08:49 Great Hall
» items
| Healing Salve | 2 | |
| Lesser Clarity Potion | 2 | |
| Scroll of Healing | 1 | |
| Scroll of Protection | 1 | |
| Orb of Lightning | 2 | |
| Potion of Healing | 4 | |
| Scroll of Town Portal | 1 | |
13 total
team 2 (winner)
BIRDNOOBBAILOUT (
orange | 193 APM | 3257 actions | 16:54)
3 Blademaster
2 Wind Walk
1 Critical Strike
» actions
| Assign group hotkey | 46 | |
| Basic commands | 34 | |
| Build / train | 121 | |
| ESC pressed | 2 | |
| Enter build submenu | 37 | |
| Enter hero's abilities submenu | 13 | |
| Give item / drop item | 31 | |
| Right click | 1365 | |
| Select / deselect | 281 | |
| Select group hotkey | 1026 | |
| Use ability | 300 | |
3257 total
» units
» upgrades
| Ranged Weapons | 2 | |
| Envenomed Spears | 1 | |
| Liquid Fire | 1 | |
| Reinforced Defenses | 1 | |
| Armor | 1 | |
6 total
» buildings
| Altar of Storms | 1 | |
| Orc Burrow | 6 | |
| Voodoo Lounge | 2 | |
| War Mill | 1 | |
| Watch Tower | 38 | |
| Stronghold | 1 | |
| Fortress | 1 | |
| Great Hall | 3 | |
| Beastiary | 2 | |
55 total
» build order
00:06 Altar of Storms
00:10 Orc Burrow
00:42 Voodoo Lounge
01:18 War Mill
02:31 Orc Burrow
02:50 Watch Tower
02:50 Watch Tower
02:52 Watch Tower
04:06 Watch Tower
04:07 Watch Tower
04:08 Watch Tower
05:12 Stronghold
05:15 Watch Tower
05:16 Watch Tower
05:21 Watch Tower
07:05 Fortress
07:11 Voodoo Lounge
07:16 Great Hall
07:24 Watch Tower
07:26 Watch Tower
07:26 Watch Tower
07:27 Watch Tower
08:17 Beastiary
08:18 Beastiary
08:21 Orc Burrow
08:49 Great Hall
» items
| Lesser Clarity Potion | 23 | |
| Healing Salve | 10 | |
| Boots of Speed | 1 | |
| Dust of Appearance | 2 | |
| Staff of Teleportation | 3 | |
| Orb of Lightning | 1 | |
| Potion of Mana | 11 | |
| Potion of Healing | 6 | |
| Potion of Lesser Invulnerability | 7 | |
| Scroll of Town Portal | 2 | |
66 total
imarthaskingfac (
blue | 108 APM | 1819 actions | 16:53)
3 Blademaster
2 Wind Walk
1 Critical Strike
» actions
| Assign group hotkey | 26 | |
| Basic commands | 9 | |
| Build / train | 90 | |
| ESC pressed | 5 | |
| Enter build submenu | 66 | |
| Enter hero's abilities submenu | 6 | |
| Give item / drop item | 11 | |
| Right click | 879 | |
| Select / deselect | 252 | |
| Select group hotkey | 278 | |
| Use ability | 197 | |
1819 total
» units
» upgrades
| Spiked Barricades | 1 | |
| Ranged Weapons | 3 | |
| Armor | 2 | |
| Liquid Fire | 1 | |
| Reinforced Defenses | 1 | |
8 total
» buildings
| Orc Burrow | 5 | |
| Altar of Storms | 1 | |
| Voodoo Lounge | 2 | |
| War Mill | 1 | |
| Watch Tower | 49 | |
| Stronghold | 1 | |
| Fortress | 2 | |
| Beastiary | 2 | |
| Great Hall | 1 | |
64 total
» build order
00:08 Orc Burrow
00:12 Altar of Storms
00:45 Voodoo Lounge
01:15 War Mill
01:38 Orc Burrow
01:59 Orc Burrow
02:42 Watch Tower
02:49 Watch Tower
03:34 Watch Tower
03:40 Watch Tower
04:23 Watch Tower
04:31 Watch Tower
06:29 Watch Tower
06:30 Watch Tower
06:58 Watch Tower
06:58 Watch Tower
06:59 Watch Tower
08:27 Watch Tower
08:29 Watch Tower
08:29 Watch Tower
08:48 Fortress
08:48 Fortress
08:49 Watch Tower
» items
| Healing Salve | 4 | |
| Lesser Clarity Potion | 15 | |
| Boots of Speed | 1 | |
| Staff of Teleportation | 1 | |
| Orb of Lightning | 1 | |
| Potion of Healing | 6 | |
| Potion of Mana | 4 | |
32 total
oops.poops (
green | 178 APM | 3007 actions | 16:53)
3 Blademaster
2 Wind Walk
1 Critical Strike
» actions
| Assign group hotkey | 41 | |
| Basic commands | 36 | |
| Build / train | 170 | |
| Enter build submenu | 91 | |
| Enter hero's abilities submenu | 10 | |
| Give item / drop item | 18 | |
| Remove unit from queue | 1 | |
| Right click | 1294 | |
| Select / deselect | 488 | |
| Select group hotkey | 451 | |
| Use ability | 407 | |
3007 total
» units
| Peon | 38 | |
| Wind Rider | 1 | |
| Troll Witch Doctor | 4 | |
| Troll Batrider | 19 | |
| Shaman | 5 | |
| Tauren | 6 | |
| Raider | 11 | |
| Spirit Walker | 2 | |
86 total
» upgrades
| Ranged Weapons | 2 | |
| Shaman Training | 2 | |
| Liquid Fire | 1 | |
| Witch Doctor Training | 2 | |
| Armor | 2 | |
| Reinforced Defenses | 1 | |
| Spirit Walker Training | 2 | |
| Pulverize | 1 | |
| Spiked Barricades | 1 | |
| Pillage | 1 | |
15 total
» buildings
| Altar of Storms | 1 | |
| Orc Burrow | 10 | |
| War Mill | 2 | |
| Watch Tower | 51 | |
| Voodoo Lounge | 3 | |
| Stronghold | 4 | |
| Fortress | 3 | |
| Spirit Lodge | 4 | |
| Beastiary | 2 | |
| Tauren Totem | 2 | |
| Great Hall | 4 | |
86 total
» build order
00:09 Altar of Storms
00:15 Orc Burrow
00:39 War Mill
01:27 Orc Burrow
02:26 Watch Tower
02:28 Watch Tower
02:38 Watch Tower
04:08 Watch Tower
04:09 Watch Tower
04:09 Watch Tower
04:11 Watch Tower
04:11 Watch Tower
04:12 Watch Tower
04:12 Watch Tower
04:29 Voodoo Lounge
04:33 Watch Tower
04:36 Watch Tower
04:37 Watch Tower
04:43 Watch Tower
05:18 Stronghold
05:19 Stronghold
05:19 Stronghold
06:29 Watch Tower
06:30 Watch Tower
06:56 Orc Burrow
06:59 Orc Burrow
06:59 Orc Burrow
07:01 Orc Burrow
07:02 Orc Burrow
07:03 Orc Burrow
07:05 Watch Tower
07:07 Watch Tower
08:23 Fortress
08:23 Fortress
08:23 Fortress
08:27 Spirit Lodge
08:31 Spirit Lodge
08:49 Watch Tower
13:12 Great Hall
15:12 Great Hall
» items
| Healing Salve | 5 | |
| Lesser Clarity Potion | 11 | |
| Scroll of Speed | 1 | |
| Boots of Speed | 1 | |
| Orb of Lightning | 3 | |
| Tiny Great Hall | 1 | |
| Staff of Teleportation | 1 | |
| Potion of Mana | 7 | |
| Potion of Healing | 12 | |
| Scroll of Town Portal | 2 | |
| Potion of Lesser Invulnerability | 1 | |
45 total
Chat log
(00:12 / All) aRdoR: triple blademaster??
(00:14 / Allies) BIRDNOOBBAILOUT: abuser stats
(00:18 / All) BIRDNOOBBAILOUT: abusing hacker?
(00:34 / Allies) BIRDNOOBBAILOUT: they are deabting
(00:35 / All) VIOLENTRULER: no, it showed us that you all picked orc dumbass
(00:37 / Allies) BIRDNOOBBAILOUT: whether they should gloat
(00:38 / Allies) BIRDNOOBBAILOUT: abotu hack
(00:46 / Allies) BIRDNOOBBAILOUT: they voted
(00:48 / All) aRdoR: doesnt take a genius
(00:48 / Allies) BIRDNOOBBAILOUT: to gloat later
(00:56 / All) VIOLENTRULER: and everyone now days bladmasters
(01:04 / All) BIRDNOOBBAILOUT: everyone hacks nowdays
(01:06 / All) oops.poops: NOT LIKE TE OLD TIMES
(01:07 / Allies) BIRDNOOBBAILOUT: dont forget to tower ur base
(01:15 / Allies) BIRDNOOBBAILOUT: tower at choke point
(01:20 / Allies) BIRDNOOBBAILOUT: for a good laugh
(01:33 / Allies) BIRDNOOBBAILOUT: wehat base
(01:34 / Allies) BIRDNOOBBAILOUT: the ne?
(01:38 / Allies) BIRDNOOBBAILOUT: or an orc
(01:45 / Allies) BIRDNOOBBAILOUT: that orc
(01:46 / Allies) imarthaskingfac: orc
(01:46 / Allies) BIRDNOOBBAILOUT: hes sh
(01:50 / Allies) oops.poops: the bottom
(01:56 / Allies) BIRDNOOBBAILOUT: mid is sh
(01:58 / Allies) BIRDNOOBBAILOUT: easy kill
(02:05 / Allies) BIRDNOOBBAILOUT: ok fine bottom
(02:13 / Allies) BIRDNOOBBAILOUT: GOGOGO
(02:38 / All) aRdoR: if i see a blade master i am quiting
(02:39 / All) VIOLENTRULER: haha
(02:41 / All) BIRDNOOBBAILOUT: k
(02:42 / All) BIRDNOOBBAILOUT: quit now
(02:44 / All) BIRDNOOBBAILOUT: its 3 bms
(02:45 / All) BIRDNOOBBAILOUT: like u said
(03:08 / Allies) imarthaskingfac: "omg TOWER QUICK!!11!
(03:09 / All) VIOLENTRULER: yay, so original
(03:11 / Allies) imarthaskingfac: "
(03:11 / All) BIRDNOOBBAILOUT: "shoudl we quit?
(03:14 / All) BIRDNOOBBAILOUT: "ya
(03:46 / Allies) BIRDNOOBBAILOUT: hex
(03:47 / Allies) BIRDNOOBBAILOUT: care
(04:15 / Allies) BIRDNOOBBAILOUT: afk top noob
(04:34 / Allies) BIRDNOOBBAILOUT: i got dust
(05:07 / Allies) BIRDNOOBBAILOUT: creep now
(05:09 / Allies) BIRDNOOBBAILOUT: nmeed levels
(05:22 / Allies) BIRDNOOBBAILOUT: stop afking
(05:24 / Allies) BIRDNOOBBAILOUT: bottom bm
(05:25 / Allies) BIRDNOOBBAILOUT: come on
(05:26 / Allies) BIRDNOOBBAILOUT: u have one unit
(05:32 / Allies) oops.poops: im running as slow as i can
(06:03 / Allies) BIRDNOOBBAILOUT: get hh
(06:29 / All) BIRDNOOBBAILOUT: are u gusy afk
(07:44 / Allies) BIRDNOOBBAILOUT: fail
(08:27 / Allies) BIRDNOOBBAILOUT: get uyr expos
(08:28 / Allies) BIRDNOOBBAILOUT: both of u
(08:33 / Allies) BIRDNOOBBAILOUT: ioll camp their shit
(08:36 / Allies) BIRDNOOBBAILOUT: in case they try to creep
(08:39 / Allies) BIRDNOOBBAILOUT: both of u
(08:42 / Allies) BIRDNOOBBAILOUT: get ur expos
(08:49 / All) BIRDNOOBBAILOUT: level 10
(08:53 / All) BIRDNOOBBAILOUT: level 10
(09:37 / All) BIRDNOOBBAILOUT: u 2 should leave 2
(09:38 / All) BIRDNOOBBAILOUT: hes right
(09:40 / All) BIRDNOOBBAILOUT: u got shat on
(09:44 / All) BIRDNOOBBAILOUT: fyi both my allies are afk
(09:47 / All) BIRDNOOBBAILOUT: im managing all
(09:53 / All) BIRDNOOBBAILOUT: for lsast 7 min or so
(09:58 / Allies) BIRDNOOBBAILOUT: lol
(10:04 / Allies) oops.poops: gimme wood
(11:16 / All) aRdoR: does orc have any see invis?
(11:21 / All) BIRDNOOBBAILOUT: LOL
(11:25 / All) imarthaskingfac: wards
(11:31 / All) oops.poops: does dota?
(11:32 / All) BIRDNOOBBAILOUT: wards are the most imba anti-invis in game
(11:32 / All) oops.poops: faggot
(11:37 / All) BIRDNOOBBAILOUT: yea wards cost money in dota
(11:41 / All) BIRDNOOBBAILOUT: so he doesnt know what htey are
(11:46 / All) BIRDNOOBBAILOUT: they arent in his TDA cookie cut
(12:23 / Allies) BIRDNOOBBAILOUT: save
(12:24 / Allies) BIRDNOOBBAILOUT: bladestorm
(12:26 / Allies) BIRDNOOBBAILOUT: for last building
(12:46 / Allies) BIRDNOOBBAILOUT: i guess they went broke
(12:49 / Allies) BIRDNOOBBAILOUT: right when e lost top base
(12:57 / Allies) BIRDNOOBBAILOUT: anyway htye alwys take heavy casualties
(12:59 / Allies) BIRDNOOBBAILOUT: ruining a base
(13:49 / Allies) imarthaskingfac: taurens died of spikes
(13:49 / Allies) BIRDNOOBBAILOUT: the last creep
(13:52 / Allies) BIRDNOOBBAILOUT: lol
(14:05 / Allies) imarthaskingfac: last of the mohicans
(14:09 / Allies) imarthaskingfac: the last battle
(14:21 / Allies) imarthaskingfac: last stand
(14:37 / Allies) BIRDNOOBBAILOUT: the last building
(14:39 / Allies) imarthaskingfac: actually theres the last creep
(14:40 / Allies) BIRDNOOBBAILOUT: dies to 3x bladetomr
(15:38 / Allies) BIRDNOOBBAILOUT: save top 3 towers for bstorm
(15:53 / Allies) oops.poops: what do you see on the radar there
(15:57 / Allies) BIRDNOOBBAILOUT: a hite line
(16:02 / Allies) BIRDNOOBBAILOUT: u?
(16:12 / Allies) oops.poops: theres a green thing
(16:14 / Allies) oops.poops: or a teal thing
(16:22 / Allies) BIRDNOOBBAILOUT: bstorm time
(16:24 / Allies) BIRDNOOBBAILOUT: ya its a bug
(16:27 / Allies) BIRDNOOBBAILOUT: i think it might be mh
(16:28 / Allies) BIRDNOOBBAILOUT: might not
(16:33 / Allies) BIRDNOOBBAILOUT: it happendbefore
(16:36 / Allies) BIRDNOOBBAILOUT: and rt noob allies didn tsee
(16:39 / Allies) oops.poops: how did they screw that up
(16:40 / Allies) BIRDNOOBBAILOUT: then again u can never trush them
(16:43 / Allies) BIRDNOOBBAILOUT: rdy?
(16:44 / Allies) BIRDNOOBBAILOUT: set
(16:44 / Allies) oops.poops: look how big the bm is
(16:45 / Allies) BIRDNOOBBAILOUT: go...
(16:47 / Allies) oops.poops: whenb loodlusted